 Dungeon Crawl Stone Soup version 0.29-a0-330-g52719c12eb (webtiles) character file.

Game seed: 8685099935839040091

486 kae the Magician (level 6, -5/36 HPs)
             Began as a Deep Elf Fire Elementalist on May 4, 2022.
             Slain by a steam dragon (6 damage)
             ... on level 7 of the Dungeon.
             The game lasted 00:02:47 (4157 turns).

kae the Magician (Deep Elf Fire Elementalist)       Turns: 4157, Time: 00:02:48

Health: -5/36      AC:  5    Str:  5    XL:     6   Next: 89%
Magic:  8/15       EV: 14    Int: 22    God:
Gold:   239        SH:  0    Dex: 15    Spells: 6/15 levels left

rFire   . . .      SeeInvis .   d - +0 short sword
rCold   . . .      Faith    .   (no shield)
rNeg    . . .      Spirit   .   a - +0 robe
rPois   .          Reflect  .   p - +2 hat
rElec   .          Harm     .   (no cloak)
rCorr   .          Rampage  .   (no gloves)
Will    .....                   q - +0 pair of boots
Stlth   ++........              (no amulet)
HPRegen 0.12/turn               (no ring)
MPRegen 0.14/turn               (no ring)

@: about to teleport
A: no striking features
a: no special abilities


You were on level 7 of the Dungeon.
You visited 1 branch of the dungeon, and saw 5 of its levels.

You collected 239 gold pieces.

Inventory:

Hand Weapons
 d - a +0 short sword (weapon)
Armour
 a - a +0 robe (worn)
 p - a +2 hat (worn)
 q - a +0 pair of boots (worn)
Wands
 e - a wand of digging (5)
Scrolls
 h - a scroll of fear {unknown}
 l - 3 scrolls of magic mapping {unknown}
 m - a scroll of teleportation
 n - a scroll of amnesia
 r - a scroll of identify
Potions
 b - a potion of magic
 c - 2 potions of curing
 f - 3 potions of haste
 g - 3 potions of lignification {unknown}
 i - a potion of brilliance {unknown}
 j - a potion of heal wounds {unknown}
 k - a potion of degeneration {unknown}
 o - 2 potions of might {unknown}


   Skills:
 + Level 2.3 Fighting
 + Level 4.4 Dodging
 - Level 2.4 Stealth
 + Level 5.2 Spellcasting
 + Level 3.5 Conjurations
 + Level 4.8 Fire Magic


You had 6 spell levels left.
You knew the following spells:

 Your Spells              Type           Power      Damage    Failure   Level
a - Foxfire               Conj/Fire      96%        2x1d8     1%          1
b - Scorch                Fire           54%        2d8       1%          2
c - Conjure Flame         Conj/Fire      24%        6-21      5%          3
d - Inner Flame           Hex/Fire       16%        N/A       11%         3

Your spell library contained the following spells:

 Spells                   Type           Power      Damage    Failure   Level
 Sublimation of Blood     Necr           5%         N/A       16%         2
 Wereblood                Tmut           5%         N/A       16%         2
 Flame Wave               Conj/Fire      24%        2d7       17%         4
 Summon Cactus Giant      Summ           2%         N/A       100%        6
 Summon Hydra             Summ           2%         N/A       100%        7


Dungeon Overview and Level Annotations

Branches:
Dungeon (7/15)
 Temple: D:4-7

Altars:
Elyvilon
Yredelemnul
The Shining One

Shops:
D:4 (

Annotations:
D:7 exclusion: centaur


Message History

The centaur hits you. The centaur kicks you.
Casting: Scorch (safe; 2% risk of failure)
Confirm with . or Enter, or press ? or * to list all spells.
Flames lash the centaur.
The centaur is burned terribly!
The centaur is severely wounded.
The centaur hits you.
The centaur kicks you but does no damage.
The centaur closely misses you. The centaur misses you.
The steam dragon breathes steam at you.
The ball of steam hits you but does no damage.
You are engulfed in a cloud of scalding steam.
The centaur barely misses you. x2
Casting: Scorch (safe; 2% risk of failure)
Confirm with . or Enter, or press ? or * to list all spells.
Flames lash the centaur.
The centaur is burned terribly!
The centaur is almost dead.
You are engulfed in a cloud of scalding steam.
The centaur barely misses you.
The centaur kicks you but does no damage.
The centaur misses you. The centaur barely misses you.
You are engulfed in a cloud of scalding steam.
The centaur hits you but does no damage.
The centaur barely misses you.
Casting: Scorch (safe; 2% risk of failure)
Confirm with . or Enter, or press ? or * to list all spells.
Flames lash the centaur.
The centaur is burned terribly!
You kill the centaur!
You are engulfed in a cloud of scalding steam.
The steam dragon breathes steam at you. The ball of steam misses you.
You hear an angry growl.
As you read the scroll of teleportation, it crumbles to dust.
You feel strangely unstable.
You are engulfed in a cloud of scalding steam.
The steam dragon breathes steam at you. The ball of steam hits you!
* * * LOW HITPOINT WARNING * * *
The steam dragon attacks as you move away!
The steam dragon bites you.
You die...

###....####.#
#.........#O#
..$#.......#.# #!#
#.......#.# .. #.
#....<..#.# ###.. ####.#
#.......#.##..... ......
#..§....#........
......##..§§...#........
.......#@§§.............
.......D§##.............
.......§###.......##.###
........)...####..# .#
........###.####..# #
..........#.##.[.##
......#........#.#
........#.#.####.#
........#.#.# #.#


You could see a steam dragon.

Vanquished Creatures
  An ogre (D:7)
  A centaur (D:7)
  A scorpion (D:4)
  A hound (D:4)
  3 orc wizards
  4 gnolls (D:3)
  3 adders
  3 dart slugs
  13 orcs
  6 ball pythons
  2 bats
  8 endoplasms
  A giant cockroach (D:1)
  4 hobgoblins
  2 jackals (D:2)
  3 quokkas
  2 frilled lizards
  7 goblins
  9 kobolds
  3 rats (D:2)
77 creatures vanquished.

Vanquished Creatures (others)
  240 foxfires
240 creatures vanquished.

Grand Total: 317 creatures vanquished

Notes
Turn   | Place    | Note
-------+----------+-------------------------------------------
     0 | D:1      | kae the Deep Elf Fire Elementalist began the quest for the
                  | Orb.
     0 | D:1      | Reached XP level 1. HP: 10/10 MP: 6/6
   210 | D:1      | Reached XP level 2. HP: 15/15 MP: 5/8
   240 | D:1      | Learned a level 2 spell: Scorch
   923 | D:2      | Found a faded altar of an unknown god.
   933 | D:2      | Reached XP level 3. HP: 20/20 MP: 7/10
   937 | D:2      | Learned a level 3 spell: Conjure Flame
   941 | D:2      | Learned a level 3 spell: Inner Flame
  1557 | D:3      | Found a basalt altar of Yredelemnul.
  1647 | D:3      | Found a glowing golden altar of the Shining One.
  1778 | D:3      | Reached skill level 1 in Fighting
  1778 | D:3      | Reached XP level 4. HP: 25/25 MP: 6/11
  2073 | D:3      | Found a white marble altar of Elyvilon.
  2167 | D:3      | Reached skill level 4 in Spellcasting
  2891 | D:4      | Reached XP level 5. HP: 29/29 MP: 8/13
  3315 | D:4      | Found Jymmom's Weapon Shop.
  3592 | D:4      | Reached XP level 6. HP: 12/35 MP: 9/15
  4044 | D:4      | You fall into a shaft and drop 3 floors!
  4095 | D:7      | Reached skill level 5 in Spellcasting
  4146 | D:7      | Noticed a steam dragon
  4155 | D:7      | HP: 1/36 [steam dragon/ball of steam (11)]
  4157 | D:7      | Slain by a steam dragon

Illustrated notes

Levels and vault maps discovered:
D:1:      dpeg_arrival_round_b, layout_rooms
D:2:      layout_rooms, dreamdust_ecumenical_altar_statues
D:3:      layout_basic, amcnicky_altar_gilded,
          mainiacjoe_overflow_surrounded_room, mainiacjoe_overflow_tiny_flanked
D:4:      layout_basic, serial_shops, nicolae_stop_n_shop_2,
          chequers_hall_statues_wall_a
D:7:      layout_rooms, uniq_prince_ribbit1

Skill      XL: |  1  2  3  4  5  6 |
---------------+-------------------+-----
Conjurations   | 2 3 |  3.5
Dodging        | 3 4 |  4.4
Fighting       | 1 2 |  2.3
Spellcasting   | 4 5 |  5.2
Fire Magic     | 4 |  4.8
Stealth        | |  2.4

Action                   |  1- 3 |  4- 6 || total
-------------------------+-------+-------++-------
Melee: Short sword       |       |     1 ||     1
 Cast: Foxfire           |    77 |    65 ||   142
       Scorch            |       |    20 ||    20
       Conjure Flame     |       |     1 ||     1
  Use: Scroll            |     3 |     5 ||     8
       Potion            |       |     2 ||     2
Armor: Robe              |     2 |    12 ||    14
Dodge: Dodged            |     8 |    28 ||    36

Table legend: (Time is in decaauts)
 A = Elapsed time spent in this place.
 B = Non-inter-level travel time spent in this place.
 C = Inter-level travel time spent in this place.
 D = Time resting spent in this place.
 E = Time spent auto-exploring this place.
 F = Levels seen in this place.
 G = Mean time per level.
                   A        B        C        D        E       F      G
               +--------+--------+--------+--------+--------+-----+--------+
         Total |   4155 |   4061 |     94 |     79 |   3350 |   5 |  831.0 |
       Dungeon |   4155 |   4061 |     94 |     79 |   3350 |   5 |  831.0 |
               +--------+--------+--------+--------+--------+-----+--------+

Top non-repeatable levels by time:
     D:3: 1341 daAuts
     D:4: 1204 daAuts
     D:1: 811 daAuts
     D:2: 684 daAuts
     D:7: 112 daAuts
